 Dungeon Crawl Stone Soup version 0.30.1-11-g7821555f0a (webtiles) character file.

Game seed: 16076590696313897665

425 Mirodir the Magician (level 7, -3/50 HPs)
             Began as a Djinni Warper on Jan 12, 2024.
             Shot with an arrow by a centaur (8 damage)
             ... on level 4 of the Dungeon.
             The game lasted 00:16:03 (3481 turns).

Mirodir the Magician (Djinni Warper)                Turns: 3481, Time: 00:16:05

Health: -3/50      AC:  3    Str: 10    XL:     7   Next: 18%
Gold:   118        EV: 12    Int: 16    God:
                   SH:  0    Dex: 13

rFire   + + .        w - +0 quarterstaff
rCold   . . .        (shield currently unavailable)
rNeg    . . .        b - +0 leather armour
rPois   ∞            (no helmet)
rElec   .            (no cloak)
rCorr   .            (no gloves)
SInv    .            (boots unavailable)
Will    .....        (no amulet)
Stlth   +            g - ring of ice
HPRegen 0.28/turn    j - ring of protection from fire
MPRegen 0.00/turn

%: infuse magic (-4 HP)
@: on blink cooldown, flying
A: sickness immunity, fire resistance 2, cold vulnerability 1, float, innate
caster, HP casting, extra vitality 1
a: no special abilities


You were on level 4 of the Dungeon.
You visited 1 branch of the dungeon, and saw 4 of its levels.

You collected 118 gold pieces.

Inventory:

Hand Weapons
 a - a +0 falchion
 e - a +0 whip
 w - a +0 quarterstaff (weapon)
Missiles
 d - 7 boomerangs of dispersal (quivered)
 m - 2 throwing nets
 y - 6 boomerangs
Armour
 b - a +0 leather armour (worn)
 f - a +0 pair of boots
Jewellery
 g - a ring of ice (left hand)
 j - a ring of protection from fire (right hand)
 u - a ring of flight
Wands
 A - a wand of roots (5)
Scrolls
 h - a scroll of vulnerability {unknown}
 i - 2 scrolls of identify {unknown}
 o - a scroll of enchant weapon {unknown}
 q - a scroll of immolation {unknown}
 r - a scroll of teleportation {unknown}
 s - a scroll of silence {unknown}
 t - 2 scrolls of fear {unknown}
Potions
 k - 4 potions of curing
 l - 3 potions of haste {unknown}
 n - a potion of lignification {unknown}
 p - a potion of might {unknown}
 v - a potion of berserk rage {unknown}
 x - a potion of attraction {unknown}
Miscellaneous
 z - a piece from Xom's chessboard (15/15)


   Skills:
 + Level 3.0 Fighting
 - Level 3.2 Long Blades
 * Level 0.8 Staves
 + Level 0.7 Throwing
 - Level 2.1 Armour
 - Level 2.7 Dodging
 + Level 0.6 Stealth
 * Level 4.1 Spellcasting
 * Level 0.8 Invocations
 * Level 0.9 Evocations


You knew the following spells:

 Your Spells              Type           Power      Damage    Failure   Level
a - Blink                 Tloc           32%        N/A       6%          2
b - Lesser Beckoning      Tloc           32%        N/A       6%          2
c - Vhi's Electric Charg  Tloc/Air       32%        N/A       12%         3
d - Teleport Other        Tloc           16%        N/A       12%         3
e - Manifold Assault      Tloc           16%        N/A       36%         4
f - Sandblast             Erth           32%        2d9       4%          1
g - Call Imp              Summ           32%        N/A       6%          2
h - Call Canine Familiar  Summ           16%        N/A       12%         3
Your spell library was empty.

Dungeon Overview and Level Annotations

Branches:
Dungeon (4/15)
 Temple: D:4-7

Altars:
Trog

Annotations:
D:4 1 transporter


Innate Abilities, Weirdness & Mutations

You are immune to sickness and miasma.
You are immune to poison.
Your flesh is very heat resistant. (rF++)
You are vulnerable to cold. (rC-)
You float through the air rather than walking.
You learn spells naturally, not from books.
Your magical power is your life essence.
You have superior vitality. (+4 MHP)


Message History

Confirm with . or Enter, or press ? or * to list all spells.
Aiming: Sandblast (safe; 4% risk of failure)
Press: ? - help, Shift-Dir - straight line, f/p - centaur
Aim: a centaur, wielding a +0 shortbow (heavily wounded, 89% to hit)
The blast of sand hits the centaur but does no damage.
The centaur is heavily wounded.
The centaur shoots an arrow.
The arrow hits you!
Blink to where?
Press: ? - help, Dir - move target, p - centaur
Okay, then.
Casting: Sandblast (safe; 4% risk of failure)
Confirm with . or Enter, or press ? or * to list all spells.
Okay, then.
Blink to where?
Press: ? - help, Dir - move target, p - centaur
As you read the scroll of blinking, it crumbles to dust.
The centaur shoots an arrow.
The arrow barely misses you.
The centaur shoots an arrow.
The arrow hits you.
* * * LOW HITPOINT WARNING * * *
The centaur shoots an arrow.
The arrow hits you.
* * * LOW HITPOINT WARNING * * *
You see here 2 poisoned darts.
Casting: Sandblast (safe; 4% risk of failure)
Confirm with . or Enter, or press ? or * to list all spells.
You blink.
A goblin comes into view. It is wielding a +0 club.
* * * LOW HITPOINT WARNING * * *
It was a potion of curing.
You feel better.
The centaur shoots an arrow.
The arrow misses you.
Casting: Blink (safe; 6% risk of failure)
Confirm with . or Enter, or press ? or * to list all spells.
Okay, then.
Casting: Blink (safe; 6% risk of failure)
Confirm with . or Enter, or press ? or * to list all spells.
A tiny devil pulls itself out of the air.
* * * LOW HITPOINT WARNING * * *
The centaur shoots an arrow.
The arrow hits you!
* * * LOW HITPOINT WARNING * * *
The centaur shoots an arrow.
The arrow hits you!
You die...

##..##5#....#.##(........
.©#©c ..#......#c.........
#.##..##.##....#..##..>....
# ... #..#........#..>...(
...# .##....###.......##
#©### ##.....##........ ##
#..###...#......#....#
#..#.................#
#.@............. ##..5.....
... ##......# ....g..
....... ....##. ...## ...#


You could see a centaur, a goblin (asleep, ally target) and a friendly cerulean
imp (summoned).

Vanquished Creatures
  The ghost of tadhg the Magician, an amateur DEFE (D:3)
  A black bear (D:3)
  A howler monkey (D:4)
  2 hounds (D:4)
  4 adders
  6 worms
  3 dart slugs
  4 orcs (D:3)
  3 endoplasms
  3 giant cockroaches
  6 goblins
  8 hobgoblins
  6 jackals (D:3)
  2 kobolds
  4 quokkas
  3 ball pythons (D:2)
  6 bats
  3 frilled lizards (D:2)
  A rat (D:2)
67 creatures vanquished.

Vanquished Creatures (collateral kills)
  An orc (D:3)
  A kobold (D:3)
2 creatures vanquished.

Grand Total: 69 creatures vanquished

Notes
Turn   | Place    | Note
-------+----------+-------------------------------------------
     0 | D:1      | Mirodir the Djinni Warper began the quest for the Orb.
     0 | D:1      | Mirodir set off with the following spells memorised: Blink,
                  | Lesser Beckoning, Vhi's Electric Charge, Teleport Other,
                  | Manifold Assault.
     0 | D:1      | Reached XP level 1. HP: 18/18 MP: 0/0
   184 | D:1      | Reached XP level 2. HP: 23/23 MP: 0/0
  1035 | D:2      | Reached XP level 3. HP: 29/29 MP: 0/0
  1035 | D:2      | Learned a level 1 spell: Sandblast
  1399 | D:2      | Found a faded altar of an unknown god.
  1415 | D:2      | Reached XP level 4. HP: 32/34 MP: 0/0
  1602 | D:2      | Identified the +1 leather armour "Feumn" {Harm}
  2108 | D:3      | Noticed a black bear
  2119 | D:3      | Killed a black bear
  2120 | D:3      | Reached skill level 3 in Spellcasting
  2120 | D:3      | Reached XP level 5. HP: 37/40 MP: 0/0
  2120 | D:3      | Learned a level 2 spell: Call Imp
  2232 | D:3      | Reached XP level 6. HP: 15/45 MP: 0/0
  2803 | D:3      | Found a runed translucent door.
  2806 | D:3      | Noticed tadhg's ghost (amateur DEFE)
  2846 | D:3      | Killed tadhg's ghost
  3274 | D:4      | Reached XP level 7. HP: 38/50 MP: 0/0
  3274 | D:4      | Learned a level 3 spell: Call Canine Familiar
  3411 | D:4      | Found a transporter.
  3421 | D:4      | Reached skill level 4 in Spellcasting
  3447 | D:4      | Found a bloodstained altar of Trog.
  3481 | D:4      | Shot with an arrow by a centaur

Illustrated notes

Levels and vault maps discovered:
D:1:      shiori_shiawase, layout_basic, serial_forest,
          infiniplex_forest_clump_diagonal, infiniplex_forest_straight_3,
          infiniplex_forest_lined_4_way, infiniplex_forest_diagonal,
          infiniplex_forest_clump_medium, infiniplex_forest_clump_small
D:2:      layout_loops_cross, hellmonk_ecumenical_altar_heavens_door,
          nicolae_wormholes
D:3:      corexii_shack_village, layout_rooms, ebering_ghost_reflecting_pool
D:4:      layout_rooms, gammafunk_temple_overflow_wave,
          gammafunk_ghost_abyssal_escape

Skill      XL: |  1  2  3  4  5  6  7 |
---------------+----------------------+-----
Long Blades    | 2 3 |  3.2
Armour         | 2 |  2.1
Spellcasting   | 3 4 |  4.1
Fighting       | 3 |  3.0
Staves         | |  0.8
Throwing       | |  0.7
Dodging        | |  2.7
Stealth        | |  0.6
Invocations    | |  0.8
Evocations     | |  0.9

Action                     |  1- 3 |  4- 6 |  7- 9 || total
---------------------------+-------+-------+-------++-------
  Melee: Falchion          |    87 |    75 |       ||   162
         Punch             |       |     1 |       ||     1
         Quarterstaff      |       |    39 |    18 ||    57
   Cast: Lesser Beckoning  |     1 |       |       ||     1
         Sandblast         |    13 |    24 |     7 ||    44
         Call Imp          |       |     8 |     4 ||    12
         Teleport Other    |       |     1 |       ||     1
         Blink             |       |       |     1 ||     1
    Use: Scroll            |       |     1 |     1 ||     2
         Potion            |       |       |     1 ||     1
   Stab: Sleeping          |       |     1 |       ||     1
 Armour: Leather armour    |    39 |    31 |     7 ||    77
  Dodge: Dodged            |    66 |    95 |    25 ||   186
